 Dungeon Crawl Stone Soup version 0.24-a0-10-gb84795d (webtiles) character file.

Game seed: 12127896464194983111

174 varaam the Sneak (level 5, 0/28 HPs)
             Began as a Deep Elf Enchanter on Jan 31, 2019.
             Was a Follower of Kikubaaqudgha.
             Slain by an orc
             ... wielding a +0 dagger
              (1 damage)
             ... on level 2 of the Dungeon.
             The game lasted 00:10:46 (3129 turns).

varaam the Sneak (Deep Elf Enchanter)               Turns: 3129, Time: 00:10:46

Health: 0/28       AC:  3    Str:  4 (5)  XL:     5   Next: 28%
Magic:  1/10       EV: 13    Int: 22 (23) God:    Kikubaaqudgha [*.....]
Gold:   126        SH:  0    Dex: 13 (15) Spells: 4/10 levels left

rFire    . . .     SeeInvis .   r - +1 dagger (holy)
rCold    . . .     Gourm    .   (no shield)
rNeg     . . .     Faith    .   b - +1 robe
rPois    .         Spirit   .   (helmet restricted)
rElec    .         Reflect  .   (no cloak)
rCorr    .         Harm     .   (no gloves)
MR       .....                  (no boots)
Stlth    +++.......             j - amulet of the acrobat
HPRegen  0.09/turn              (no ring)
MPRegen  0.12/turn              (no ring)

@: about to teleport, very slightly contaminated, hasted, very quick
A: beak, clever 1, low mp 1
a: Receive Corpses, Renounce Religion


You were on level 2 of the Dungeon.
You worshipped Kikubaaqudgha.
Kikubaaqudgha was aware of your devotion.
You were hungry.

You visited 1 branch of the dungeon, and saw 3 of its levels.

You collected 126 gold pieces.

Inventory:

Hand Weapons
 a - a +1 dagger
 o - a cursed +0 hunting sling
 r - a +1 dagger of holy wrath (weapon)
 s - a +0 dagger
Missiles
 k - 25 poisoned needles
 l - 5 needles of confusion
 Q - 115 stones (quivered)
Armour
 b - a +1 robe (worn)
Jewellery
 g - an uncursed amulet of magic regeneration
 j - an amulet of the acrobat (around neck)
Scrolls
 e - a scroll of enchant armour
 h - a scroll of random uselessness {unknown}
 i - a scroll of identify
 p - a scroll of fear {unknown}
 t - a scroll of teleportation
Comestibles
 d - 5 rations
 m - 5 chunks of flesh


   Skills:
 + Level 2.9 Short Blades
 - Level 2.4 Dodging
 * Level 5.9 Stealth
 - Level 3.0 Spellcasting
 + Level 5.2 Hexes


You had 4 spell levels left.
You knew the following spells:

 Your Spells              Type           Power        Failure   Level  Hunger
a - Ensorcelled Hibernat  Hex/Ice        ##....       6%          2    ##.....
c - Confuse               Hex            ####....     4%          3    ###....
v - Corona                Hex            ####...      1%          1    None

Your spell library contained the following spells:

 Spells                   Type           Power        Failure   Level  Hunger
 Tukima's Dance           Hex            ####....     4%          3    ###....
 Animate Skeleton         Necr           N/A          12%         1    None
 Pain                     Necr           #...         12%         1    None
 Dazzling Spray           Conj/Hex       ##....       13%         3    ###....
 Sublimation of Blood     Necr           #.........   19%         2    ##.....
 Regeneration             Chrm/Necr      #.........   36%         3    ###....


Dungeon Overview and Level Annotations

Branches:
Dungeon (3/15)

Altars:
Ashenzari
Elyvilon
Kikubaaqudgha
Okawaru
Sif Muna
Trog
Xom
Zin
The Shining One

Annotations:
D:3 Natasha, Robin


Innate Abilities, Weirdness & Mutations

You have a beak for a mouth.
Your mind is acute. (Int +2)
Your magical capacity is low. (-10% MP)


Message History

The goblin hits you but does no damage. The orc hits you with a +0 dagger.
* * * LOW HITPOINT WARNING * * *
You take 5 damage, and have 3/28 hp.
Okay, then.
It was a potion of haste.
You feel yourself speed up. The goblin hits you but does no damage.
The orc completely misses you.
It was a potion of mutation.
You feel extremely strange.
Your mouth lengthens and hardens into a beak!
You feel less energetic.
You feel clever. The goblin hits you with a +0 dagger.
* * * LOW HITPOINT WARNING * * *
You take 2 damage, and have 1/28 hp.
It was a potion of degeneration.
There was something very wrong with that liquid.
You feel weakened.
You feel dopey.
You feel clumsy. The orc hits you with a +0 dagger.
You die...
Kikubaaqudgha rasps: "You have failed me!
Welcome... death!"

#.#...# ###.#.### ##...#.#
..._...# ###########
########
._..._.####)........#
#......#
.........##.#######.#
#.####.#### ..)8.._..##.#
#.# #.# #..[..
.......).##.#######.# #.#
#####.
._..._.........g@##.###.#
#...
..._......######o##...#.#
#.##
.#.......)#........##.#.#
#.#
......###.)........##.#.####
#.# ....###
##.........##.#....###.#
....#
###.........##.#........#
...##
#...........##.#..#.#####
...#
#...........##.#.##.######
...#
#.[...###.####...........#


You could see an orc and a goblin.

Vault maps used:
D:1:      evilmike_arrival_hilbert_curve, chequers_serial_rivers_small_b
D:2:      nicolae_tso_swordbearing_angel, grunt_temple_overflow_open
D:3:      trog_three_pillars_becter, uniq_grinder, uniq_jessica, uniq_natasha,
          uniq_robin

Notes
Turn   | Place    | Note
-------+----------+-------------------------------------------
     0 | D:1      | varaam the Deep Elf Enchanter began the quest for the Orb.
     0 | D:1      | Reached XP level 1. HP: 10/10 MP: 6/6
    22 | D:1      | Identified a +0 halberd
    29 | D:1      | Reached XP level 2. HP: 15/15 MP: 8/8
    38 | D:1      | Identified a +0 club
   423 | D:1      | Learned a level 2 spell: Ensorcelled Hibernation
   566 | D:1      | Identified 2 scrolls of enchant armour
   586 | D:1      | Reached skill level 4 in Stealth
   636 | D:1      | Identified a +0 club
   862 | D:1      | Reached skill level 2 in Short Blades
  1045 | D:1      | Identified a cursed -1 short sword
  1052 | D:1      | Reached XP level 3. HP: 19/19 MP: 9/9
  1600 | D:2      | Identified 3 scrolls of identify
  1600 | D:2      | Identified an amulet of the acrobat (You found it on level
                  | 1 of the Dungeon)
  1601 | D:2      | Identified an amulet of magic regeneration (You found it on
                  | level 1 of the Dungeon)
  1605 | D:2      | Identified a +0 club
  1764 | D:2      | Found a shimmering altar of Xom.
  1764 | D:2      | Identified a +0 dagger
  1764 | D:2      | Identified a +0 short sword
  1772 | D:3      | Identified a +0 club
  1772 | D:3      | Identified a +0 hunting sling
  1899 | D:3      | Identified a +0 hunting sling
  1899 | D:3      | Identified a cursed -1 club
  1899 | D:3      | Identified a +0 club
  1908 | D:3      | Identified a +0 club
  1908 | D:3      | Identified a +0 dagger
  1909 | D:3      | Identified a +0 club
  1909 | D:3      | Identified a +0 club
  1910 | D:3      | Identified a +1 dagger of venom
  1910 | D:3      | Identified a +0 animal skin
  1910 | D:3      | Identified a cursed -2 helmet
  1910 | D:3      | Noticed Robin
  1931 | D:2      | Found a deep blue altar of Sif Muna.
  1931 | D:2      | Found a glowing silver altar of Zin.
  1931 | D:2      | Found a white marble altar of Elyvilon.
  1932 | D:2      | Found an iron altar of Okawaru.
  1933 | D:2      | Found a shattered altar of Ashenzari.
  1933 | D:2      | Found an ancient bone altar of Kikubaaqudgha.
  1960 | D:2      | Learned a level 3 spell: Confuse
  2009 | D:2      | Identified a +0 club
  2089 | D:2      | Identified a +0 club
  2095 | D:2      | Became a worshipper of Kikubaaqudgha
  2292 | D:2      | Identified a cursed -3 short sword
  2310 | D:2      | Reached skill level 5 in Stealth
  2310 | D:2      | Reached XP level 4. HP: 24/24 MP: 0/10
  2446 | D:2      | Found a glowing golden altar of the Shining One.
  2597 | D:3      | Identified a +0 club
  2599 | D:3      | Noticed Natasha
  2604 | D:3      | Killed Natasha
  2629 | D:3      | Identified an uncursed ring of protection from cold
  2632 | D:3      | Identified a +0 club
  2634 | D:3      | Identified a +1 dagger of holy wrath
  2634 | D:3      | Identified a +0 dagger
  2810 | D:3      | Identified a +0 club
  2869 | D:3      | Identified a +0 club
  2917 | D:3      | Reached * piety under Kikubaaqudgha
  2917 | D:3      | Identified Kikubaaqudgha's Compendium of Stolen Souls
                  | (Kikubaaqudgha gifted it to you on level 3 of the Dungeon)
  2917 | D:3      | Received a gift from Kikubaaqudgha
  2961 | D:3      | Identified a +0 club
  2961 | D:3      | Identified a +0 dagger
  2961 | D:3      | Identified a +0 robe
  2963 | D:3      | Identified a +0 ring mail
  2970 | D:3      | Reached skill level 5 in Hexes
  2970 | D:3      | Reached XP level 5. HP: 28/28 MP: 7/11
  3061 | D:3      | Found a bloodstained altar of Trog.
  3061 | D:3      | Noticed Natasha
  3065 | D:3      | Identified a +0 hand axe
  3070 | D:3      | Killed Natasha
  3073 | D:3      | Identified a +0 dagger
  3074 | D:3      | Identified a +0 war axe
  3074 | D:3      | Identified a +0 chain mail
  3074 | D:3      | Identified a +0 club
  3074 | D:3      | Identified a +0 ring mail
  3082 | D:3      | Identified a +0 dagger
  3082 | D:3      | Identified a +0 leather armour
  3102 | D:3      | Noticed Natasha
  3126 | D:2      | Identified 2 scrolls of teleportation
  3126 | D:2      | HP: 3/28 [orc/+0 dagger (5)]
  3127 | D:2      | Identified a potion of haste
  3128 | D:2      | Identified a potion of mutation
  3128 | D:2      | Gained mutation: You have a beak for a mouth. [potion of
                  | mutation]
  3128 | D:2      | Gained mutation: Your magical capacity is low. (-10% MP)
                  | [potion of mutation]
  3128 | D:2      | Gained mutation: Your mind is acute. (Int +2) [potion of
                  | mutation]
  3128 | D:2      | HP: 1/28 [goblin/+0 dagger (2)]
  3129 | D:2      | Identified a potion of degeneration
  3129 | D:2      | Slain by an orc

Table legend:
 A = Turns spent in this place as a percentage of turns spent in the entire game.
 B = Non-inter-level travel turns spent in this place as a percentage of non-inter-level travel turns spent in the entire game.
 C = Inter-level travel turns spent in this place as a percentage of turns spent in this place.
 D = Turns resting spent in this place as a percentage of non-inter-level travel turns spent in this place.
 E = Turns spent auto-exploring this place as a percentage of non-inter-level travel turns spent in this place.
 F = Non-inter-level travel turns spent in this place divided by the number of levels of this place that you've seen.
                   A       B       C       D       E      F
               +-------+-------+-------+-------+-------+----------------------
         Total | 100.0 | 100.0 |   4.3 |  13.1 |  60.2 | 998.0
       Dungeon | 100.0 | 100.0 |   4.3 |  13.1 |  60.2 | 998.0
               +-------+-------+-------+-------+-------+----------------------

Table legend:
 A = Kills in this place as a percentage of kills in entire the game.
 B = Kills by you in this place as a percentage of kills by you in the entire game.
 C = Kills by friends in this place as a percentage of kills by friends in the entire game.
 D = Other kills in this place as a percentage of other kills in the entire game.
 E = Experience gained in this place as a percentage of experience gained in the entire game.
 F = Experience gained in this place divided by the number of levels of this place that you have seen.
                   A       B       C       D       E      F
               +-------+-------+-------+-------+-------+----------------------
         Total | 100.0 | 100.0 |   N/A |   N/A | 100.0 |  83.0
       Dungeon | 100.0 | 100.0 |   N/A |   N/A | 100.0 |  83.0
               +-------+-------+-------+-------+-------+----------------------

Skill      XL: |  1  2  3  4 |
---------------+-------------+-----
Stealth        | 4 5 |  5.9
Short Blades   | 2 |  2.9
Hexes          | 5 |  5.2
Dodging        | |  2.4
Spellcasting   | |  3.0

Action                   |  1- 3 |  4- 6 || total
-------------------------+-------+-------++-------
Melee: Dagger            |   117 |    49 ||   166
Throw: Stone             |     1 |     2 ||     3
 Cast: Ensorcelled Hiber |    32 |    15 ||    47
       Corona            |    19 |     1 ||    20
       Confuse           |       |     8 ||     8
  Use: Scroll            |     3 |     1 ||     4
       Potion            |       |     3 ||     3
 Stab: Sleeping          |    25 |    10 ||    35
       Confused          |       |     4 ||     4
  Eat: Chunk             |     5 |     4 ||     9
Armor: Robe              |    25 |     8 ||    33
Dodge: Dodged            |   109 |    38 ||   147

Vanquished Creatures
  An orc wizard (D:3)
  Natasha (twice) (D:3)
  A gnoll (D:1)
  An adder (D:2)
  A dart slug (D:2)
  5 orcs (D:3)
  9 bats
  2 giant cockroaches (D:1)
  12 goblins
  9 hobgoblins
  8 jackals (D:2)
  A quokka (D:3)
  A ball python (D:1)
  4 frilled lizards
  3 kobolds
  3 rats
63 creatures vanquished.
